AoeStats
← Shame Thrower

Migration

508743669Analyzed
1v1 RM · 8d ago on Sep 23, 2026· 33m 44s· 2 players
Game mode
Random Map
Map size
132×132
Population
200
Speed
Normal
Resources
Standard
Victory
Conquest
Starting age
Dark Age
Ending age
Imperial Age
RankedLock teamsTeams togetherTeam positionsShared explorationLock speedFull tech treeHidden civsTurbo modeCheats
Victory
Defeat
🇨🇱 Danes · Chile
1142
+15
🇺🇸 Varangians · United States
1122
-21
Shame Thrower
10:59 Feudal Age
11:58 Double-Bit Axe
13:55 Fletching
16:14 Gold Mining
21:09 Wheelbarrow
24:04 Castle Age
21:52 Loom
25:26 Medium Warships
25:20 Bodkin Arrow
33:41 Bow Saw
| SNV | AoEBengi
12:11 Feudal Age
15:13 Fletching
15:25 Padded Archer Armor
15:23 Loom
19:09 Castle Age
19:42 Castle Age
17:29 Double-Bit Axe
17:36 Gold Mining
22:06 Medium Warships
23:02 Leather Archer Armor
28:22 Imperial Age
31:42 Heavy Warships
32:42 Fletching
Connection lost

Rejoining the realm…

Still unreachable

The connection could not be restored.

Session expired

The server has moved on; the page needs a fresh start.